Map: Lock & Load

Players

monk

  • Race: Protoss Protoss
  • Spawn Location: 7:00

DrSeRRoD

  • Race: Terran Terran
  • Spawn Location: 6:00

VOD

Have the link to the VOD?

Description

Time

  • Played on: Aug. 26, 2017, 9:32 p.m.
  • Length: 24:23
Show
View Real Time Build Order
Export as new Build Order

monk Protoss 

Build Orders:  

Get SALT Encoding   

  12  0:02  Probe (Chrono Boost)  
  13  0:16  Probe (Chrono Boost)  
  13  0:19  Dark Pylon  
  14  0:27  Assimilator  
  14  0:30  Probe (Chrono Boost)  
  14  0:38  Assimilator  
  15  0:44  Probe (Chrono Boost)  
  16  0:58  Probe (Chrono Boost)  
  17  1:04  Gateway  
  17  1:12  Probe (Chrono Boost)  
  18  1:23  Pylon  
  18  1:25  Probe (Chrono Boost)  
  19  1:34  Pylon  
  19  1:39  Probe (Chrono Boost)  
  20  1:53  Probe (Chrono Boost)  
  21  2:07  Probe (Chrono Boost)  
  22  2:10  Cybernetics Core  
  22  2:21  Probe (Chrono Boost)  
  23  2:35  Probe (Chrono Boost)  
  24  2:49  Probe (Chrono Boost)  
  25  3:02  Death Council  
  25  3:03  Stargate, Probe (Chrono Boost)  
  26  3:16  Probe (Chrono Boost)  
  27  3:30  Probe (Chrono Boost)  
  28  3:44  Probe (Chrono Boost)  
  28  3:46  Assimilator  
  29  3:51  Assimilator  
  29  3:58  Probe (Chrono Boost)  
  30  4:01  Warp Gate  
  30  4:04  Nexus  
  30  4:08  Dark Shrine  
  30  4:12  Probe (Chrono Boost)  
  30  4:17  Oracle  
  31  4:26  Probe (Chrono Boost)  
  32  4:39  Pylon  
  35  4:40  Probe (Chrono Boost)  
  36  4:54  Probe (Chrono Boost)  
  36  4:56  Shadow Fury (Chrono Boost)  
  37  5:07  Dark Pylon  
  37  5:09  Probe (Chrono Boost)  
  37  5:10  Corsair  
  40  5:25  Probe (Chrono Boost)  
  41  5:30  Fleet Beacon  
  41  5:38  Probe (Chrono Boost)  
  42  5:44  Probe (Chrono Boost)  
  42  5:45  Corsair  
  45  5:52  Probe (Chrono Boost)  
  45  5:58  Probe (Chrono Boost)  
  47  6:11  Forge  
  47  6:13  Gateway  
  47  6:17  Gateway  
  47  6:22  Gateway  
  47  6:25  Protoss Air Weapons Level 1 (Chrono Boost), Corsair  
  49  6:45  Probe x2  
  49  6:47  Dark Templar  
  53  6:53  Corsair  
  53  6:56  Protoss Ground Weapons Level 1  
  53  7:00  Stealth Drive  
  55  7:14  Photon Cannon  
  55  7:37  Dark Templar x3, Corsair  
  63  8:05  Corsair  
  63  8:15  Dark Templar  
  67  8:20  Dark Pylon  
  67  8:30  Disruption Web  
  67  8:34  Corsair  
  69  8:54  Dark Templar x3  
  75  9:02  Corsair  
  75  9:07  Photon Cannon x2  
  77  9:10  Photon Cannon  
  77  9:22  Photon Cannon  
  77  9:23  Photon Cannon x2  
  77  9:29  Photon Cannon x2  
  77  9:31  Protoss Ground Weapons Level 2 (Chrono Boost), Pylon  
  77  9:33  Protoss Air Weapons Level 2 (Chrono Boost), Pylon  
  77  9:49  Corsair  
  77  9:52  Pylon  
  77  9:53  Dark Templar Blink  
  79  10:03  Dark Templar  
  79  10:05  Dark Templar  
  83  10:11  Dark Templar  
  85  10:38  Corsair  
  85  10:41  Pylon  
  87  10:51  Dark Templar  
  87  10:53  Dark Templar  
  91  11:06  Corsair  
  91  11:10  Dark Templar  
  91  11:16  Oracle  
  91  11:19  Pylon  
  95  11:33  Dark Templar, Photon Cannon  
  95  11:35  Photon Cannon  
  100  11:53  Photon Cannon  
  100  11:59  Photon Cannon, Corsair  
  100  12:00  Photon Cannon  
  100  12:07  Dark Templar  
  100  12:08  Dark Templar x2  
  108  12:24  Dark Templar  
  108  12:28  Corsair  
  112  12:47  Pylon x3  
  112  12:48  Pylon  
  112  12:50  Pylon  
  112  12:53  Dark Templar x2  
  112  12:57  Pylon  
  115  13:05  Corsair  
  115  13:13  Pylon  
  115  13:16  Pylon  
  117  13:28  Protoss Ground Weapons Level 3 (Chrono Boost)  
  117  13:41  Dark Pylon  
  117  13:50  Probe  
  117  13:54  Corsair  
  118  14:07  Probe  
  121  14:20  Photon Cannon x2  
  121  14:23  Photon Cannon, Probe  
  121  14:28  Pylon  
  122  14:34  Corsair  
  121  14:43  Oracle  
  123  14:51  Dark Templar  
  123  14:52  Dark Templar x3  
  131  15:17  Protoss Air Weapons Level 3  
  129  15:24  Dark Pylon  
  129  16:08  Photon Cannon x2  
  129  16:09  Photon Cannon  
  129  16:10  Photon Cannon  
  129  16:13  Photon Cannon  
  129  16:14  Oracle  
  129  16:15  Photon Cannon  
  129  16:17  Photon Cannon  
  129  16:25  Photon Cannon  
  129  16:28  Photon Cannon  
  129  16:29  Photon Cannon  
  129  16:34  Dark Templar x2  
  129  16:38  Oracle  
  136  16:47  Dark Templar  
  136  16:48  Dark Templar  
  139  16:55  Dark Pylon  
  139  17:03  Probe, Oracle  
  143  17:20  Probe  
  143  17:22  Photon Cannon  
  143  17:23  Photon Cannon  
  143  17:24  Photon Cannon  
  143  17:27  Photon Cannon  
  147  17:31  Dark Templar x2  
  147  17:35  Oracle  
  151  17:42  Photon Cannon  
  151  17:45  Photon Cannon  
  151  17:47  Photon Cannon  
  151  17:49  Photon Cannon  
  151  17:51  Photon Cannon  
  151  17:54  Photon Cannon  
  151  17:55  Pylon  
  148  18:12  Photon Cannon  
  148  18:14  Photon Cannon  
  148  18:18  Corsair  
  143  19:01  Corsair  
  145  19:10  Dark Templar  
  145  19:11  Dark Templar x3, Oracle  
  145  19:16  Protoss Shields Level 1 (Chrono Boost)  
  153  19:23  Protoss Air Armor Level 1  
  153  19:35  Oracle  
  153  19:39  Gateway  
  156  19:40  Gateway  
  156  19:52  Photon Cannon  
  156  19:55  Photon Cannon  
  156  19:57  Photon Cannon  
  157  20:42  Dark Templar x3  
  157  20:43  Dark Templar  
  157  20:46  Corsair  
  165  20:59  Pylon x2, Probe  
  168  21:14  Corsair  
  168  21:16  Probe  
  169  21:24  Dark Templar x2  
  166  21:43  Corsair  
  161  22:02  Dark Templar x2  
  161  22:03  Dark Templar x2  
  169  22:11  Corsair  
  169  22:15  Dark Pylon  
  169  22:18  Dark Templar x2  
  175  22:40  Corsair  
  175  22:42  Photon Cannon  
  171  23:08  Corsair  
  173  23:37  Corsair  
Show
View Real Time Build Order
Export as new Build Order

DrSeRRoD Terran 

Build Orders:  

Get SALT Encoding   

  12  0:06  SCV  
  12  0:33  SCV  
  13  0:50  SCV  
  14  1:07  SCV  
  15  16:45  SCV  
  14  17:02  SCV  
  15  17:53  SCV  
  14  18:10  SCV  
Tags
 
Add a new tag
Caveats
  • Supply blocks, unpowered buildings, or Contaminate may cause inaccurate times.
  • Supply counts are checked every 10 seconds.